 Dungeon Crawl Stone Soup version 0.18-a0-1347-gb9e2fb4 (webtiles) character file.

798 M4edhros the Insei (level 7, -1/46 HPs)
             Began as an Octopode Monk on Feb 17, 2016.
             Was a High Priest of Cheibriados.
             Slain by Menkaure (25 damage)
             ... in an ossuary.
             The game lasted 00:09:43 (1704 turns).

M4edhros the Insei (Octopode Monk)                  Turns: 1704, Time: 00:09:43

Health: -1/46      AC:  3    Str: 21    XL:     7   Next: 89%
Magic:  7/7        EV: 18    Int: 26    God:    Cheibriados [*****.]
Gold:   173        SH:  0    Dex: 27    Spells: 0 memorised, 6 levels left

rFire  . . .     SeeInvis .       - Unarmed
rCold  . . .     Gourm    .     (no shield)
rNeg   . . .     Faith    .     (helmet restricted)
rPois  .         Spirit   .     (no amulet)
rElec  .         Dismiss  .     f - +2 ring of protection
rCorr  .         Reflect  .     j - +2 ring of intelligence
SustAt .         Harm     .     (no ring)
MR     .....                    (no ring)
Stlth  +++++.....               (no ring)
                                (no ring)
                                (no ring)
                                (no ring)

@: marked, very slightly contaminated, hasted, slow, not resistant to hostile
enchantments, quite stealthy
A: almost no armour, amphibious, 8 rings, constrict 8, camouflage 1, gelatinous
body 1
a: Bend Time, Temporal Distortion, Slouch, Step From Time, Renounce Religion


You were in an ossuary.
You worshipped Cheibriados.
Cheibriados was extremely pleased with you.
You were hungry.

You visited 1 branch of the dungeon, and saw 5 of its levels.
You also visited: Ossuary.

You collected 173 gold pieces.

Inventory:

Hand Weapons
 h - a +0 blowgun
Missiles
 c - 77 stones (quivered)
 d - 8 sling bullets
 e - 16 steel sling bullets
 i - 24 poisoned needles
Jewellery
 f - a +2 ring of protection (left tentacle)
 j - a +2 ring of intelligence (right tentacle)
Wands
 n - a wand of digging (6/24)
 p - a wand of confusion (36/48)
Scrolls
 g - a scroll of teleportation
 m - 2 scrolls of noise
 q - a scroll of random uselessness
 s - 3 scrolls of fear {unknown}
 t - 3 scrolls of identify
 u - a scroll of immolation {unknown}
 v - a scroll of fog {unknown}
 x - a scroll of enchant weapon {unknown}
 y - a scroll of recharging {unknown}
Potions
 b - a potion of lignification
 k - a potion of flight
 l - 2 potions of curing
 o - 2 potions of magic
Comestibles
 a - 3 bread rations
 w - a meat ration
 z - a slice of pizza


   Skills:
 - Level 3.0 Fighting
 + Level 5.2 Dodging
 - Level 6.2 Stealth
 + Level 7.4 Unarmed Combat


You had 6 spell levels left.
You didn't know any spells.

Dungeon Overview and Level Annotations

Branches:
Dungeon (5/15)
 Temple: D:4-7

Altars:
Cheibriados
Okawaru
Trog
Xom

Shops:
D:4 [

Annotations:
Ossuary Menkaure


Innate Abilities, Weirdness & Mutations

You cannot wear most types of armour.
You are amphibious.
You can wear up to eight rings at the same time.
You can use your tentacles to constrict eight enemies at once.
Your skin changes colour to match your surroundings (Stealth).
Your rubbery body absorbs attacks (AC +1).


Message History

It was a potion of haste.
You feel yourself speed up.
Cheibriados forgives your accidental hurry, just this once.
You are very lightly contaminated with residual magic.
Drink which item? (? for menu, Esc to quit)
It was a potion of cure mutation.
It has a very clean taste.
You swing at nothing.
You swing at nothing.
You swing at nothing.
You swing at nothing.
You tentacle-slap the mummy but do no damage.
You grab the mummy. You squeeze the mummy!
The mummy is severely damaged.
You constrict the mummy. You tentacle-slap the mummy.
You destroy the mummy!
You tentacle-slap Menkaure. Your grab misses Menkaure.
Menkaure is almost destroyed.
Menkaure hits you!!
Ouch! That really hurt!
You die...

##..##.^##....##..##
##..##..##..##..##..#
##..##.^##..####..##..
##..##..##..## ##..##.
##.^##..##..## ##..##
##..##..##..## ##..#
##..##..##..## ##..
##..##..##.^## ##. ##..##..##.@##
## ##..##..##.M############ #
##..##..##......M.M......
##..##..#######################
##..##.................^.....^..
##..#############################
#.........^.^..................^.
#################################


You could see Menkaure.

Vanquished Creatures
  An ice beast (D:5)
  An ogre (D:4)
  A centaur (D:5)
  An elf zombie (D:5)
  An elf skeleton (D:5)
  A giant frog zombie (D:5)
  An orc priest (D:4)
  A hound (D:5)
  An orc wizard (D:4)
  2 human zombies (D:5)
  Terence (D:2)
  A worker ant (D:4)
  A mummy (Ossuary)
  4 gnolls (D:3)
  3 adders
  3 oozes
  3 worms
  2 giant geckos (D:3)
  11 orcs
  2 giant cockroaches
  3 gnoll zombies (Ossuary)
  4 goblins
  3 hobgoblins
  7 jackals
  5 kobolds
  A quokka (D:5)
  A ball python (D:4)
  5 bats
  2 giant newts (D:3)
  3 gnoll skeletons (Ossuary)
  A goblin skeleton (Ossuary)
  3 goblin zombies (Ossuary)
  A hobgoblin zombie (Ossuary)
  A kobold skeleton (Ossuary)
  4 kobold zombies (Ossuary)
  4 orc skeletons
  2 orc zombies (Ossuary)
  A quokka skeleton (D:4)
  8 rats
  A rat skeleton (Ossuary)
  2 rat zombies (Ossuary)
104 creatures vanquished.

Vanquished Creatures (others)
  A gnoll zombie (Ossuary)
  4 gnoll skeletons (Ossuary)
  2 goblin skeletons (Ossuary)
  3 hobgoblin skeletons (Ossuary)
  3 hobgoblin zombies (Ossuary)
  3 kobold skeletons (Ossuary)
  3 kobold zombies (Ossuary)
  2 orc skeletons (Ossuary)
  3 orc zombies (Ossuary)
  3 rat skeletons (Ossuary)
27 creatures vanquished.

Grand Total: 131 creatures vanquished

Notes
Turn   | Place    | Note
--------------------------------------------------------------
     0 | D:1      | M4edhros the Octopode Monk began the quest for the Orb.
     0 | D:1      | Reached XP level 1. HP: 16/16 MP: 1/1
   155 | D:2      | Found an iron altar of Okawaru.
   284 | D:3      | Reached XP level 2. HP: 21/21 MP: 2/2
   316 | D:3      | Found a snail-covered altar of Cheibriados.
   347 | D:3      | Became a worshipper of Cheibriados the Contemplative
   347 | D:3      | Reached * piety under Cheibriados
   347 | D:3      | Reached ** piety under Cheibriados
   402 | D:2      | Noticed Terence
   499 | D:2      | Reached XP level 3. HP: 19/26 MP: 3/3
   670 | D:3      | Reached XP level 4. HP: 27/31 MP: 4/4
   674 | D:3      | Reached skill level 5 in Unarmed Combat
   679 | D:3      | Reached *** piety under Cheibriados
   698 | D:3      | Reached skill level 5 in Stealth
   909 | D:2      | Killed Terence
   909 | D:2      | Reached XP level 5. HP: 29/36 MP: 5/5
   971 | D:4      | Found Moameo's Armour Shoppe.
  1015 | D:4      | Noticed an ogre
  1028 | D:4      | Killed an ogre
  1028 | D:4      | Reached skill level 6 in Stealth
  1028 | D:4      | Reached XP level 6. HP: 28/42 MP: 6/6
  1141 | D:4      | Reached **** piety under Cheibriados
  1231 | D:5      | Entered Level 5 of the Dungeon
  1231 | D:5      | Found a shimmering altar of Xom.
  1291 | D:5      | Found a bloodstained altar of Trog.
  1301 | D:5      | Reached XP level 7. HP: 37/46 MP: 7/7
  1399 | D:5      | Found a sand-covered staircase.
  1407 | D:5      | Reached skill level 7 in Unarmed Combat
  1433 | D:5      | Reached skill level 5 in Dodging
  1456 | Ossuary  | Entered an ossuary
  1512 | Ossuary  | Reached ***** piety under Cheibriados
  1689 | Ossuary  | Noticed Menkaure
  1704 | Ossuary  | Slain by Menkaure

Vault maps used:
D:1:      mainiacjoe_arrival_reflecting_pool
D:2:      okawaru_trees_2, first_bread, uniq_terence
D:3:      cheibriados_altar_1
D:4:      serial_shops, shop_statue
D:5:      nicolae_overflow_hidden_temple, nicolae_ossuary_entry_catacombs,
          xom_teletrap_fun
Ossuary:  ossuary_due_pyramid

Action                   |  1- 3 |  4- 6 |  7- 9 || total
-------------------------+-------+-------+-------++-------
Melee: Unarmed           |    54 |    73 |    69 ||   196
Evoke: Wand              |       |     5 |       ||     5
  Use: Scroll            |     3 |     5 |       ||     8
       Potion            |       |     1 |     2 ||     3
 Stab: Sleeping          |     8 |     5 |     9 ||    22
       Distracted        |       |     1 |       ||     1
